 Dungeon Crawl Stone Soup version 0.30.1-11-g7821555f0a (webtiles) character file.

Game seed: 1004201911576861818

32220 Nonny the Covert (level 13, -8/123 HPs)
             Began as a Naga Gladiator on Nov 30, 2023.
             Was a High Priest of Dithmenos.
             Killed by the air
             ... invoked by a wind drake
              (17 damage)
             ... on level 2 of the Lair of Beasts on Dec 1, 2023.
             The game lasted 01:18:11 (15465 turns).

Nonny the Covert (Naga Gladiator)                  Turns: 15465, Time: 01:18:12

Health: -8/123     AC: 15    Str: 15    XL:     13   Next: 63%
Magic:  35/35      EV: 17    Int: 13    God:    Dithmenos [*****.]
Gold:   359        SH:  0    Dex: 21    Spells: 12/12 levels left

rFire   + . .        z - +9 rapier of the Threshing Saviour {venom, rPois MP+9 Str-4 Dex+5}
rCold   . . .        (no shield)
rNeg    . . .        x - +1 robe of Doinkote {rF+ rCorr Slay+3 SInv}
rPois   +            p - +3 hat of Pondering {ponderous, Will+ MP+10 Int+5}
rElec   .            l - +0 cloak
rCorr   +            u - +0 pair of gloves
SInv    +            (no barding)
Will    ++...        g - amulet of regeneration
Stlth   +++++++++    E - +4 ring of protection
HPRegen 1.20/turn    n - ring of flight
MPRegen 0.24/turn

%: no passive effects
@: flying, wreathed by umbra, very slow
A: AC +4, large, see invisible, deformed body, poison resistance, slowness 2,
spit poison 1, naga tail 2
a: Spit Poison, Renounce Religion, Shadow Step, Shadow Form


You were on level 2 of the Lair of Beasts.
You worshipped Dithmenos.
Dithmenos was extremely pleased with you.
You visited 4 branches of the dungeon, and saw 16 of its levels.
You also visited: Volcano.

You collected 1956 gold pieces.
You spent 1597 gold pieces at shops.

Inventory:

Hand Weapons
 y - a +0 rapier of flaming
 z - the +9 rapier of the Threshing Saviour (weapon) {venom, rPois MP+9 Str-4 Dex+5}
   (You bought it in a shop on level 2 of the Dungeon)

   Str:       It affects your strength (-4).
   Dex:       It affects your dexterity (+5).
   rPois:     It protects you from poison.
   MP:        It affects your magic capacity (+9).
 I - a +2 great sword of flaming
 N - a +2 dagger of protection
Missiles
 a - 8 boomerangs
 d - 2 throwing nets
 e - 6 javelins
 f - 50 poisoned darts
 i - 142 stones (quivered)
 w - 2 curare-tipped darts
 O - 8 atropa-tipped darts
Armour
 k - a +1 robe of cold resistance
 l - a +0 cloak (worn)
 p - the +3 hat of Pondering (worn) {ponderous, Will+ MP+10 Int+5}
   (You took it off Gastronok on level 9 of the Dungeon)

   Int:       It affects your intelligence (+5).
   MP:        It affects your magic capacity (+10).
   Will:      It increases your willpower.
 u - a +0 pair of gloves (worn)
 x - the +1 robe of Doinkote (worn) {rF+ rCorr Slay+3 SInv}
   (You bought it in a shop on level 7 of the Dungeon)

   Slay:      It affects your accuracy & damage with ranged weapons and melee
   (+3).
   rF:        It protects you from fire.
   SInv:      It lets you see invisible.
   rCorr:     It protects you from acid and corrosion.
Jewellery
 g - an amulet of regeneration (around neck)
 n - a ring of flight (right hand)
 o - a ring of ice
 E - a +4 ring of protection (left hand)
 M - a ring of ice
Wands
 r - a wand of roots (10)
 A - a wand of flame (22)
 D - a wand of paralysis (5)
 H - a wand of quicksilver (10)
 J - a wand of polymorph (7)
 K - a wand of digging (6)
Scrolls
 h - 3 scrolls of enchant weapon
 v - a scroll of blinking
 B - a scroll of fog
 F - a scroll of teleportation
Potions
 b - 6 potions of mutation
 c - a potion of haste
 j - 8 potions of curing
 m - 6 potions of heal wounds
 q - 4 potions of attraction
 s - 2 potions of cancellation
 t - 2 potions of flight
 C - a potion of resistance
 G - a potion of brilliance
 L - a potion of magic {unknown}


   Skills:
 + Level 9.8 Fighting
 + Level 8.1(11.2) Short Blades
 - Level 12.0(13.0) Long Blades
 - Level 1.7 Throwing
 + Level 10.2 Dodging
 - Level 13.0 Stealth
 * Level 5.0 Invocations
 - Level 4.0 Evocations


You had 12 spell levels left.
You didn't know any spells.
Your spell library contained the following spells:

 Spells                   Type           Power      Damage    Failure   Level
 Magic Dart               Conj           0%         1d3       30%         1
 Sting                    Tmut/Pois      0%         1d3       30%         1
 Call Imp                 Summ           0%         N/A       43%         2
 Poisonous Vapours        Pois/Air       0%         N/A       43%         2
 Scorch                   Fire           0%         2d5       43%         2
 Gell's Gravitas          Tloc           0%         N/A       67%         3
 Mephitic Cloud           Conj/Pois/Air  0%         N/A       67%         3
 Ozocubu's Armour         Ice            0%         N/A       67%         3
 Portal Projectile        Hex/Tloc       0%         N/A       67%         3
 Teleport Other           Tloc           0%         N/A       67%         3
 Tukima's Dance           Hex            0%         N/A       67%         3
 Volatile Blastmotes      Fire/Tloc      0%         2d10      67%         3
 Animate Armour           Summ/Erth      0%         N/A       97%         4
 Flame Wave               Conj/Fire      0%         2d4       97%         4
 Fulminant Prism          Conj/Hex       0%         3d5       97%         4
 Iskenderun's Mystic Bla  Conj/Tloc      0%         2d3       97%         4
 Olgreb's Toxic Radiance  Pois           0%         N/A       97%         4
 Blade Hands              Tmut           0%         N/A       100%        5
 Fireball                 Conj/Fire      0%         3d3       100%        5
 Iskenderun's Battlesphe  Conj           0%         2d6       100%        5
 Lee's Rapid Deconstruct  Erth           0%         3d4*      100%        5
 Summon Forest            Summ/Tloc      0%         N/A       100%        5
 Summon Mana Viper        Hex/Summ       0%         N/A       100%        5
 Conjure Ball Lightning   Conj/Air       0%         3x3d6     100%        6
 Dispersal                Tloc           0%         N/A       100%        6
 Iron Shot                Conj/Erth      0%         9d1       100%        6
 Summon Cactus Giant      Summ           0%         N/A       100%        6
 Orb of Destruction       Conj           0%         9d5       100%        7
 Ozocubu's Refrigeration  Ice            0%         4d7       100%        7


Dungeon Overview and Level Annotations

Branches:
Dungeon (11/15)            Temple (1/1) D:4            Lair (2/5) D:11
 Shoals (0/4) Lair:2        Snake (0/4) Lair:2          Orc (2/2) D:9
    Elf (0/3) Orc:2       Volcano (visited)

Altars:
Ashenzari
Cheibriados
Dithmenos
Elyvilon
Fedhas
Gozag
Hepliaklqana
Kikubaaqudgha
Makhleb
Nemelex Xobeh
Okawaru
Qazlal
Ru
Sif Muna
Trog
Uskayaw
Vehumet
Wu Jian
Xom
Yredelemnul
Zin
The Shining One

Shops:
D:2 *(((!   D:5 *[   D:7 *(((?   D:8 [   Orc:2 !![[

Annotations:
D:3 digging vault, 1 runed translucent door, Qelan's ghost, amateur DjHW
D:4 1 runed translucent door, Crazy Yiuf


Innate Abilities, Weirdness & Mutations

Your serpentine skin is tough. (AC +4)
You have supernaturally acute eyesight. (SInv)
Armour fits poorly on your strangely shaped body.
Your system is resistant to poisons. (rPois)
You cover ground very slowly.
You can spit poison.
You can use your snake-like lower body to constrict enemies.


Message History

The death yak bellows!
You puncture the death yak!
The death yak is severely wounded.
Your shadow hits the death yak but does no damage.
You constrict the death yak. You hit the death yak.
The death yak is almost dead.
You constrict the death yak. The death yak closely misses you.
A wind drake comes into view.
The wind drake hisses angrily.
You puncture the death yak!
You kill the death yak!
Dithmenos accepts your kill.
Your Invocations skill increases to level 5!
You see here a death yak corpse.
Unknown command.
The wind drake flaps its wings at you. The air twists around and strikes you!
The death yak gores you. The wind drake flaps its wings at you.
The air twists around and strikes you! The death yak barely misses you.
The death yak attacks as you move away! The death yak barely misses you.
The death yak gores you. The death yak gores you!
The death yak attacks as you move away! The death yak completely misses you.
The death yak attacks as you move away! The death yak barely misses you.
The death yak attacks as you move away! The death yak gores you!
The death yak attacks as you move away! The death yak gores you!
The wind drake flaps its wings at you. The air twists around and strikes you!
* * * LOW HITPOINT WARNING * * *
The death yak misses you. The death yak attacks as you move away!
The death yak gores you!
* * * LOW HITPOINT WARNING * * *
The death yak attacks as you move away! The death yak gores you!
* * * LOW HITPOINT WARNING * * *
The death yak attacks as you move away! The death yak completely misses you.
The wind drake flaps its wings at you. The air twists around and strikes you!
You die...

...........~~~~~~~........#######
..........~~~...~~~.......P#
.........~~~.~P~~~~~..k...P#
.........~~.......~~.......#
.........~~P.)>.~P~~......P#
.........~~~P...~.~Y....>.##
.........~~~.....YY~......##*###
..........~~~.~.~~Y~.......##..##
...........~~~~~@~~..............
..........).~~~~~................
.................................
...........^.....................
#####.#.####P#.###.##.........#**
# ##### ###.######..##....##
#..## ####.....## #...# ##.....#
##..## #.....#


You could see 4 death yaks and a wind drake (repels missiles).

Vanquished Creatures
  Gastronok (D:9)
  A hydra (Lair:2)
  A boulder beetle (D:10)
  A hell hog (Volcano)
  A death yak (Lair:2)
  4 two-headed ogres
  An orc high priest (Orc:2)
  A fire crab (Volcano)
  6 orc sorcerers
  An oklob plant (Lair:2)
  2 cyclopes (D:11)
  2 black mambas (Lair:2)
  4 cane toads (Lair:1)
  An unseen horror (D:7)
  Joseph (D:7)
  2 kobold demonologists
  3 komodo dragons
  A merfolk (D:9)
  A troll (D:9)
  6 polar bears (Lair:1)
  5 blink frogs (Lair:1)
  A spriggan (D:11)
  A shadow (D:11)
  A spriggan (shapeshifter) (D:11)
  3 fire bats (Volcano)
  17 yaks
  3 wyverns
  6 steam dragons
  8 vampire mosquitoes (D:10)
  An acid dragon (D:10)
  A naga (Lair:2)
  7 water moccasins
  2 hell hounds (Volcano)
  22 orc warriors
  A sky beast (D:5)
  An ice beast (D:5)
  10 black bears
  7 ogres
  5 wolves (Lair:2)
  A centaur (D:7)
  A phantom (D:4)
  5 kobold brigands
  9 bullfrogs
  A scorpion (D:5)
  6 wights
  17 killer bees
  A howler monkey (D:5)
  6 hounds
  21 orc priests
  3 gnoll boudas
  4 jellies
  2 iguanas (D:5)
  A sleepcap (D:6)
  26 orc wizards
  Robin (D:4)
  22 gnolls
  10 adders
  2 shadow imps (D:5)
  An ufetubus (D:5)
  A worm (D:2)
  A dart slug (D:3)
  77 orcs
  2 endoplasms
  5 giant cockroaches
  11 goblins
  11 hobgoblins
  27 kobolds
  5 quokkas
  8 ball pythons
  5 bats
  4 frilled lizards
  6 rats
446 creatures vanquished.

Vanquished Creatures (collateral kills)
  Grinder (D:6)
  An ice beast (D:6)
  An adder (D:6)
3 creatures vanquished.

Vanquished Creatures (others)
  An orc warrior (Orc:2)
  A gnoll (D:9)
2 creatures vanquished.

Grand Total: 451 creatures vanquished

Notes
Turn   | Place    | Note
-------+----------+-------------------------------------------
     0 | D:1      | Nonny the Naga Gladiator began the quest for the Orb.
     0 | D:1      | Reached XP level 1. HP: 19/19 MP: 1/1
    10 | D:1      | Starting vault: dumbbells
   241 | D:1      | Reached skill level 1 in Stealth
   309 | D:1      | Reached XP level 2. HP: 26/26 MP: 2/2
   689 | D:2      | Found Idyff's Distillery.
   755 | D:2      | Found Bahi's Weapon Shop.
   832 | D:2      | staff of air
  1116 | D:2      | Reached skill level 2 in Stealth
  1116 | D:2      | Reached XP level 3. HP: 30/32 MP: 3/3
  1172 | D:2      | Found Olaf's General Store.
  1361 | D:2      | Found Sexeit's Antique Weapon Emporium.
  1505 | D:2      | Found Mahigg's Weapon Emporium.
  1666 | D:3      | Identified a scroll of acquirement
  1666 | D:3      | Acquired 504 gold pieces
  1689 | D:3      | Reached XP level 4. HP: 39/39 MP: 4/4
  1697 | D:3      | Noticed a scorpion
  1697 | D:3      | Noticed a bullfrog
  1776 | D:3      | Reached skill level 3 in Stealth
  2014 | D:3      | Found a glowing silver altar of Zin.
  2023 | D:3      | Found a shimmering blue altar of Sif Muna.
  2177 | D:3      | Found a runed translucent door.
  2182 | D:3      | Noticed Qelan's ghost (amateur DjHW)
  2311 | D:4      | Noticed Robin
  2380 | D:4      | Killed Robin
  2381 | D:4      | Reached XP level 5. HP: 18/45 MP: 5/5
  2387 | D:4      | Reached skill level 4 in Stealth
  2611 | D:4      | Found a sparkling altar of Nemelex Xobeh.
  2688 | D:4      | Noticed a phantom
  2720 | D:4      | Killed a phantom
  2721 | D:4      | Reached skill level 5 in Stealth
  2869 | D:4      | Found a glowing golden altar of the Shining One.
  2875 | D:4      | Found a staircase to the Ecumenical Temple.
  2887 | D:4      | Reached XP level 6. HP: 47/52 MP: 6/6
  2892 | Temple   | Entered the Ecumenical Temple
  2930 | Temple   | Became a worshipper of Dithmenos the Shadowed
  3085 | Temple   | Swampy temple!
  3199 | D:4      | HP: 2/52 [orc priest/divine providence (10)]
  3404 | D:4      | Found a stormy altar of Qazlal.
  3405 | D:4      | Found an ornate altar of the Wu Jian Council.
  3684 | D:3      | Reached skill level 6 in Stealth
  4088 | D:4      | Found a runed translucent door.
  4089 | D:4      | Noticed Crazy Yiuf
  4124 | D:5      | Entered Level 5 of the Dungeon
  4135 | D:5      | Found Nenuaqas's Assorted Antiques.
  4154 | D:5      | Reached XP level 7. HP: 15/60 MP: 7/7
  4156 | D:5      | Reached skill level 7 in Stealth
  4615 | D:5      | Reached skill level 1 in Evocations
  4899 | D:5      | Reached skill level 5 in Long Blades
  5039 | D:5      | Bought a glowing golden amulet for 115 gold pieces
  5044 | D:5      | 115 gold for regen amulet :)
  5044 | D:5      | Bought a scroll of teleportation for 69 gold pieces
  5044 | D:5      | Bought a potion of berserk rage for 115 gold pieces
  5044 | D:5      | Bought a fluorescent wand for 92 gold pieces
  5044 | D:5      | Bought an amethyst potion for 20 gold pieces
  5044 | D:5      | Bought a pair of gloves for 103 gold pieces
  5063 | D:5      | teleport and blinking scrolls towards eastern half
  5234 | D:5      | Found Qeps's Antique Armour Emporium.
  5237 | D:5      | Bought a dyed leather armour for 115 gold pieces
  5324 | D:6      | Reached skill level 8 in Stealth
  5409 | D:6      | Noticed a steam dragon
  5426 | D:6      | Killed a steam dragon
  5427 | D:6      | Reached XP level 8. HP: 49/67 MP: 8/8
  5457 | D:6      | Noticed Grinder
  5471 | D:6      | Killed Grinder
  5472 | D:6      | Reached skill level 5 in Dodging
  5472 | D:6      | Reached skill level 9 in Stealth
  5537 | D:6      | Found a white marble altar of Elyvilon.
  5714 | D:5      | Reached * piety under Dithmenos
  6110 | D:6      | Reached XP level 9. HP: 74/74 MP: 9/9
  6226 | D:6      | Found a burning altar of Makhleb.
  6553 | D:7      | Found Xuqi's Assorted Antiques.
  6559 | D:7      | Bought a fine robe for 148 gold pieces
  6559 | D:7      | Identified the +1 robe of Doinkote {rF+ rCorr Slay+3 SInv}
                  | (You bought it in a shop on level 7 of the Dungeon)
  6773 | D:7      | You fall into a shaft and drop 1 floor!
  6811 | D:8      | Found a radiant altar of Vehumet.
  6865 | D:8      | Found a shimmering altar of Xom.
  6865 | D:8      | Found a shimmering altar of Xom.
  6865 | D:8      | Found a shimmering altar of Xom.
  6866 | D:8      | Found a shimmering altar of Xom.
  6941 | D:8      | Found a shimmering altar of Xom.
  7016 | D:8      | staff of poison
  7047 | D:8      | Found Uzetuo's Antique Armour Shoppe.
  7249 | D:8      | Reached ** piety under Dithmenos
  7277 | D:8      | Identified the staff of fire "Tiat Pank" {Fly rF+ rC+
                  | Str-4}
  7315 | D:7      | Found Bepposic's Weapon Boutique.
  7387 | D:7      | Found Buelaogo's Magic Scroll Shoppe.
  7462 | D:7      | Noticed Joseph
  7469 | D:7      | Paralysed by Joseph for 5 turns
  7481 | D:7      | Paralysed by Joseph for 3 turns
  7497 | D:7      | Killed Joseph
  7568 | D:7      | Noticed an unseen horror
  7581 | D:7      | Reached XP level 10. HP: 82/87 MP: 10/10
  7596 | D:7      | Killed an unseen horror
  7597 | D:7      | Reached skill level 5 in Fighting
  7796 | D:7      | Found Vuthrec's Antique Weapon Emporium.
  7812 | D:7      | Found Reroy's Antique Weapon Shop.
  8368 | D:9      | merfolk vault with electric eel corpse
  8438 | D:9      | Reached skill level 10 in Long Blades
  8572 | D:9      | Noticed Gastronok
  8918 | D:9      | Reached *** piety under Dithmenos
  8970 | D:9      | Found a staircase to the Orcish Mines.
  8976 | D:9      | Orcish Mines in east (accessed from its south)
  9063 | D:9      | Noticed a two-headed ogre
  9067 | D:9      | Killed a two-headed ogre
  9068 | D:9      | Reached XP level 11. HP: 92/99 MP: 6/11
  9442 | D:10     | Entered Level 10 of the Dungeon
  9767 | D:10     | Noticed a boulder beetle
  9788 | D:10     | Killed a boulder beetle
  9821 | D:10     | Orc jamboree vault! Featuring ogre.
  9886 | D:10     | Reached **** piety under Dithmenos
 10465 | Orc:1    | Entered Level 1 of the Orcish Mines
 10520 | Orc:1    | Noticed an orc sorcerer
 10523 | Orc:1    | Killed an orc sorcerer
 10669 | Orc:2    | Entered Level 2 of the Orcish Mines
 10700 | Orc:2    | Found a staircase to the Elven Halls.
 10728 | Orc:2    | Reached skill level 10 in Stealth
 11281 | Orc:2    | Noticed an orc sorcerer
 11292 | Orc:2    | Found Sywn's Antique Armour Shop.
 11303 | Orc:2    | Found Gal Cukk's Distillery.
 11303 | Orc:2    | Found Vabloed's Distillery.
 11303 | Orc:2    | Found Cawuutt's Antique Armour Shop.
 11303 | Orc:2    | Noticed an orc sorcerer
 11303 | Orc:2    | Noticed an orc sorcerer
 11305 | Orc:2    | Paralysed by an orc sorcerer for 2 turns
 11309 | Orc:2    | Noticed an orc high priest
 11338 | Orc:2    | Killed an orc sorcerer
 11339 | Orc:2    | Killed an orc sorcerer
 11358 | Orc:2    | Killed an orc high priest
 11359 | Orc:2    | Reached skill level 11 in Stealth
 11371 | Orc:2    | Reached XP level 12. HP: 70/110 MP: 12/12
 11503 | Orc:2    | Reached ***** piety under Dithmenos
 11743 | Orc:2    | Reached skill level 12 in Stealth
 11866 | Orc:2    | Paralysed by an orc sorcerer for 3 turns
 11902 | Orc:2    | Noticed a two-headed ogre
 11916 | Orc:2    | Killed a two-headed ogre
 12310 | D:2      | Bought the +9 rapier of the Threshing Saviour {venom, rPois
                  | MP+9 Str-4 Dex+5} for 820 gold pieces
 12497 | D:9      | Killed Gastronok
 12498 | D:9      | Reached skill level 1 in Short Blades
 12633 | D:11     | Noticed a two-headed ogre
 12669 | D:11     | Noticed a two-headed ogre
 12673 | D:11     | Killed a two-headed ogre
 12678 | D:11     | Killed a two-headed ogre
 12688 | D:11     | Found a staircase to the Lair.
 12696 | D:11     | Reached skill level 13 in Stealth
 12936 | D:11     | Spriggan baker vault!
 13216 | Lair:1   | Entered Level 1 of the Lair of Beasts
 13472 | Lair:1   | Reached skill level 1 in Invocations
 13735 | Lair:1   | Reached skill level 5 in Short Blades
 13797 | Lair:1   | Gained mutation: You can use your snake-like lower body to
                  | constrict enemies. [Naga growth]
 13797 | Lair:1   | Reached XP level 13. HP: 121/121 MP: 15/15
 14384 | Lair:1   | So many bears on this floor!
 14425 | Lair:2   | Found a staircase to the Snake Pit.
 14439 | Lair:2   | Identified the +7 spear of Tartarus {freeze, Int+3 SInv}
 14455 | Lair:2   | Found a dark tunnel.
 14463 | Volcano  | Entered a volcano
 14831 | Lair:2   | Reached skill level 10 in Dodging
 15255 | Lair:2   | Found a shimmering altar of Xom.
 15455 | Lair:2   | Reached skill level 5 in Invocations
 15465 | Lair:2   | Killed from afar by a wind drake

Illustrated notes ##### .. #...# ...♣ ##.## ♣# #.#~~♣#'#♣~~#... ..P~~~~~@~~~.... ###~~♣#.#♣~~.... #~ ##.## ~.... # #<..# .### ##### # Turn 10 on D:1: Starting vault: dumbbells ##......... ##....#### ##'#.# #.#.#### ########.#.##.. #........#.##.# # #.#####....##.# #.####.####......... #..@.......#...###.# ######.###.........# #.#####.####### #.......# ######### Turn 832 on D:2: staff of air ♣♣≈.♣.~~....~..~~...♣....♣.§_. ♣≈~...~~.........♣.♣~.~..§♣... ♣≈~~.~~~.~.._.♣♣~...._.♣..~... ♣≈≈~~~~~......♣♣♣......♣.§.♣~~ ♣≈≈≈~.~~._....♣♣......~.....♣. ♣≈≈≈~~~~§........♣.♣.....§..♣. ♣≈≈≈≈~~~.♣.♣.......♣....~....~ ♣≈≈≈≈≈~.♣♣♣....§..~♣..♣......~ ♣♣≈≈≈≈...♣♣..@§..~......♣♣._.♣ ♣≈≈≈~._.♣♣....♣♣~.....♣♣....♣ ♣≈≈≈~.~.♣♣.~.♣♣♣~._.♣♣♣...~.♣ ♣≈≈~....~...........♣....~~~~ ♣≈≈~..♣..~....._.....~_.~~~~~ ♣≈≈~..♣..♣..........§~...~~~~ ♣♣≈..~...§......~.......~..♣♣ ♣♣........~...~~........♣.♣♣ ♣♣~.♣..♣♣♣.._.~~~.........♣. Turn 3085 on Temple: Swampy temple!

..#......#,,*,,,,,,,,,,,,,,*,**,,
#.#.........#...,...?...,,,,,*,,,
..####.....##..##.......,,,,,,,,,
..#####.........,.......,,,,,*,,,
......#........##.......,,,*,*,,,
..#####.##.#...........#,*,*,*,,,
..#........#...........#,*,*,,,<,
..#.###.##.##..##.>.....,,,*,*,*,
........##......@.....$.,,,*,*,*,
.##..................###,*,*,*,*,
.##........###.#.#...#,*,*,*,*,*,
.##.....................,*,,,,,,,
..†.....................,***,*,*,
...........###.#.##..#..,,,*,*,*,
.###.......# #.#.##..#..,,,*,*,*,
...'.......###.#......,,,,,,,,,*,
.###........##.#,,...#,,,,,,,,,,,


Turn 5044 on D:5: 115 gold for regen amulet :) #.###,,,,,,,,,,<,,,,,,,,,,*,*,***
.....,,,,.......,.....#,,,,,,,,,, ..###,,,,<......#.....#,,,,,,,,,,
..##*,,,,.............#.**,,*,**, ...#*,,*,,#.....#.......,,,,,,**,
#..#*,,*..,.....#.....#.**,,*,**, #..#*,,*..###...........,,,,*,**,
....#,,*.........?....#.**,,,,,,, .......#.......?@.......*,,,,,***
#.....##..##............,,,,,,* ##......................*,,,*,*
.#........##..........#.*,,,*,* ##.##.#...........#.#.#,*,,,*,*
......#...........#.#.#,,,<,,,* ##.##.##..##.>........#,*,*,***
...##......∩..........#,*,*,* ................###.#.#,*,*,* Turn 5063 on D:5:
teleport and blinking scrolls towards eastern half ### ... ..
#.################## ##.#..................## ........@.##.............
###.#####.##.#########.#. # #.##.# #.#. #.##.# #.#. #.##.# #.#. #.##.# #.#.
#.##.# #.#. .##. #.#. #.#. Turn 7016 on D:8: staff of poison .#..#.............#
....#.............# ##..#........<....# ..................# .####.............#
#.........##'## #.........#..~# ###########..~# #.@~# #(m†# ##### Turn 8368 on
D:9: merfolk vault with electric eel corpse ### ### ### ###
#######8###8###8###8## #≈≈≈.#...#...#...#...# #≈≈..#................
#≈>..@.)........)).... #≈≈..#...........)...) #≈§≈.#...#...#...#...#
#######8###8###8###8## ### ############ #.......).## #..........[ #...).....##
####)###### Turn 8976 on D:9: Orcish Mines in east (accessed from its south)
#.....##...'.......# #.....#.########...+ #.....#.#.ooooo#...#
#.......#oooooo#...# #.....###.ooooo#...# ......# #.oo.oooo..# #.....#
#.Oooo.#o### #.....# ########O# .# ####.## #.@# #># #...# ##+#### #.# ##.#######
#.....# #.# .........# #.....### #.# .........# #.....'.### #.#
.........#####.....#...#####.#### .........##.<'.....###....†......
...........?##.....# #######.#### .....[.....####'#### #..# Turn 9821 on D:10:
Orc jamboree vault! Featuring ogre. ...........# #.# #......### ...........#
##.###........## ..........## #[......####...### .........##
###...########.#...# #.####.### #...#..#.........#.##
#.######.####'#.######.##..# #..#.....# #).### ##(.###.#
##.......####.######..## #.# #.......#†@[[#......## #.. ##.......#########..##
##. #....)..............# #. #..~.......#######.## #. #^~~~.....## #.# #.
..###.~~~....## #.# #. #.....~~~..>## #.## ## ####...~.#### #..# # ##.....)..##
##.# # Turn 12936 on D:11: Spriggan baker vault! .....## #.#..## †..###
####..#### #### ###...# ###### ##.## ###....# ##.# #####......###P.#
####P#P...P.#..##..# ##.>.........##...#.## .............###@....#
.............###....## ..............###..## ##.###........# #### ###
#....#........## #####.## #..............###......# #.###.........###...#.###
<.# #.........##...#### ..# #.#........#..## Turn 14384 on Lair:1: So many bears
on this floor!

Levels and vault maps discovered:
D:1:      sevenhm_arrival_forest_fort_small_4, layout_basic
D:2:      layout_loops_corners, serial_shops, shop, shop, nicolae_shop_trees,
          shop, nicolae_shop_getting_attention, minmay_close_crescents
D:3:      layout_rooms, mainiacjoe_overflow_swirl, ebering_ghost_sewer_d,
          lightli_corner_chamber
D:4:      layout_basic, nicolae_overflow_crystal_walls,
          nicolae_overflow_hidden_temple, nemelex_xobeh_ov_fountains_minmay,
          minmay_temple_entry_junction_2, uniq_robin, uniq_edmund,
          uniq_crazy_yiuf_cottage
D:5:      layout_basic, serial_shops, nicolae_shop_trees, shop
D:6:      layout_cave_pods, lightli_temple_of_fire,
          mainiacjoe_overflow_brackets, uniq_grinder
D:7:      layout_loops_ring, serial_shops, nicolae_square_shop, shop, shop,
          shop, shop, uniq_joseph
D:8:      layout_loops_ring, kennysheep_mini_moat, xom_shifter_show,
          serial_shops, nicolae_stop_n_shop_2, grunt_ministairs_7
D:9:      layout_roguey, david_orc_4, minivault_1, hangedman_fish_farm,
          uniq_gastronok
D:10:     layout_roguey, special_room [special_room_orc], dk_noncrumbling_4
D:11:     layout_rooms, lair_entry_dummy, serial_bayou_pond_e, the_hattery
Temple:   nicolae_temple_bog_church
Lair:1:   beast_lair_carwin_large_4, layout_layer_cave
Lair:2:   layout_long_grid, minmay_shoals_entry_beasts,
          guppyfry_snake_entry_island, lightli_volcano_entry_magma_tube,
          ebering_ghost_reflecting_pool, lemuel_oklob_altar
Orc:1:    layout_diamond_mine
Orc:2:    st_orc_mages, layout_caves

Skill      XL: |  1  2  3  4  5  6  7  8  9 10 11 12 13 |
---------------+----------------------------------------+-----
Stealth        | 1 2 3 5 6 8 9 11 13 | 13.0
Dodging        | 3 4 5 6 7 8 9 10 | 10.2
Long Blades    | 4 5 7 9 10 12 | 12.0
Evocations     | 1 2 4 |  4.0
Fighting       | 4 6 8 9 |  9.8
Short Blades   | 5 8 |  8.1
Invocations    | 2 5 |  5.0
Throwing       | |  1.7

Action                     |  1- 3 |  4- 6 |  7- 9 | 10-12 | 13-15 || total
---------------------------+-------+-------+-------+-------+-------++-------
  Melee: Long sword        |    15 |    35 |   253 |       |       ||   303
         Short sword       |   108 |   193 |    21 |   339 |       ||   661
         Dagger            |       |     1 |     4 |     5 |       ||    10
         Punch             |       |     1 |     4 |    13 |     3 ||    21
         Falchion          |       |       |    98 |   446 |       ||   544
         Rapier            |       |       |       |   136 |   203 ||   339
         Constrict         |       |       |       |       |    47 ||    47
         Great sword       |       |       |       |       |     4 ||     4
  Throw: Stone             |       |     1 |     3 |     6 |     9 ||    19
         Throwing net      |       |     1 |       |     6 |       ||     7
         Javelin           |       |       |     4 |       |       ||     4
         Dart              |       |       |     4 |     7 |     1 ||    12
 Invoke: Shadow Step       |       |       |       |     5 |       ||     5
Ability: Spit Poison       |    20 |    27 |    31 |    26 |     4 ||   108
  Evoke: Wand              |       |     1 |     7 |     4 |       ||    12
    Use: Scroll            |     6 |     8 |     7 |    10 |     3 ||    34
         Potion            |       |     3 |     5 |     6 |       ||    14
   Stab: Sleeping          |     4 |     3 |     4 |    24 |     4 ||    39
         Invisible         |       |     2 |       |     1 |       ||     3
         Paralysed         |       |     1 |     2 |       |       ||     3
         Distracted        |       |       |       |     2 |       ||     2
         Held in net/web   |       |       |       |     3 |       ||     3
 Armour: Leather armour    |    36 |    39 |    88 |       |       ||   163
         Robe              |       |    17 |    37 |   287 |    89 ||   430
         Skin              |       |       |    34 |    18 |       ||    52
  Dodge: Dodged            |    99 |   143 |   295 |   655 |   215 ||  1407
